 Dungeon Crawl Stone Soup version 0.31.0-32-g396128a36d (webtiles) character file.

Game seed: 12907171201820748873

51 spaghetti the Trooper (level 3, 0/3 HPs)
             Began as a Demonspawn Chaos Knight on Apr 4, 2024.
             Was a Plaything of Xom.
             Slain by a quokka (3 damage)
             ... on level 2 of the Dungeon.
             The game lasted 00:02:11 (1329 turns).

spaghetti the Trooper (Demonspawn Chaos Knight)     Turns: 1329, Time: 00:02:12

Health: 0/3        AC:  0    Str: 10    XL:     3   Next: 57%
Magic:  3/3        EV: 11    Int: 22    God:    Xom [....*.]
Gold:   104        SH:  0    Dex: 10    Spells: 2/2 levels left

rFire   + . .        a - +0 spear (chaos)
rCold   . . .        (no shield)
rNeg    . . .        b - melded +2 leather armour
rPois   .            (no helmet)
rElec   .            (no cloak)
rCorr   .            (no gloves)
SInv    .            (no boots)
Will    .....        (no amulet)
Stlth   +            (no ring)
HPRegen 0.20/turn    (no ring)
MPRegen 0.08/turn

%: clarity
@: maw-form
A: devouring maw, reduced hp, sturdy frame 1, claws 1, clarity, clever 2, fire
resistance 1, MP-powered wands
a: Begin Untransformation, Renounce Religion


You were on level 2 of the Dungeon.
You worshipped Xom.
You were a beloved toy of Xom.
You were a creature with a mouth for a stomach.
You visited 1 branch of the dungeon, and saw 2 of its levels.

You collected 104 gold pieces.

Inventory:

Hand Weapons
 a - a +0 spear of chaos (weapon)
Armour
 b - a +2 leather armour (melded)
Talismans
 o - a maw talisman (active)
Scrolls
 c - a scroll of butterflies
 e - a scroll of noise {unknown}
 g - 2 scrolls of teleportation {unknown}
 h - a scroll of blinking {unknown}
 i - a scroll of vulnerability {unknown}
 k - a scroll of poison {unknown}
 m - 5 scrolls of identify {unknown}
Potions
 d - a potion of berserk rage {unknown}
 f - a potion of heal wounds {unknown}
 j - a potion of lignification {unknown}
 l - a potion of experience {unknown}
 n - a potion of brilliance {unknown}


   Skills:
 - Level 4.5 Fighting
 - Level 2.6 Polearms
 - Level 1.7 Armour
 - Level 0.8 Dodging
 + Level 0.6 Unarmed Combat
 + Level 0.0 Shapeshifting


You had 2 spell levels left.
You didn't know any spells.
Your spell library was empty.

Dungeon Overview and Level Annotations

Branches:
Dungeon (2/15)

Altars:


Innate Abilities, Weirdness & Mutations

You are a creature with a mouth for a stomach.
Your midsection houses a second, enormous mouth.
Your maximum health is decreased, since you lack skill for your form.
Your movements are slightly less encumbered by armour. (ER -2)
You have sharp fingernails.
You possess an exceptional clarity of mind.
Your mind is very acute. (Int +8, Str/Dex -2)
Your flesh is heat resistant. (rF+)
You expend magic power (3 MP) to strengthen your wands.


Message History

The endoplasm hits you.
You scratch the endoplasm.
You kill the endoplasm!
No target in view!
No target in view!
No target in view!
No target in view!
No target in view!
No target in view!
No target in view!
No target in view!
No target in view!
No target in view!
No target in view!
No target in view!
No target in view!
No target in view!
No target in view!
You see here a maw talisman.
o - a maw talisman
Okay, then.
You begin transforming.
You continue transforming. x2 "Take this instrument of something!"
Something appears at your feet!
You see here a +0 short sword.
You continue transforming.
You turn into a creature with a mouth for a stomach.
Your +2 leather armour melds into your body.
Unknown command.
Unknown command.
Your +0 spear of chaos is briefly surrounded by a scintillating aura of random colours.
a - a +0 spear of chaos (weapon)
You drop a maw talisman.
o - a maw talisman
Found an escape hatch in the floor.
A quokka comes into view.
A quokka is nearby!
A quokka is nearby!
You barely miss the quokka. The quokka bites you.
Ouch! That really hurt!
You die...

#.#
#.###.#.........#
#.# #.#
.#.######### #.#
#.# #.# #.# #..
#.# #.###### ...
#......# ....
######.### .....
#....###......
#.....Wr......
#.............
#........>....
#.............
#.............
#.....$.......
#.............
#.............
#...........


You could see a quokka.

Vanquished Creatures
  An adder (D:2)
  2 dart slugs (D:1)
  A ribbon worm (D:2)
  3 bats (D:2)
  7 endoplasms
  4 giant cockroaches
  3 goblins
  A hobgoblin (D:2)
  3 kobolds (D:1)
  A quokka (D:2)
  2 ball pythons
  A frilled lizard (D:2)
  2 rats
31 creatures vanquished.

Notes
Turn   | Place    | Note
-------+----------+-------------------------------------------
     0 | D:1      | spaghetti the Demonspawn Chaos Knight began the quest for
                  | the Orb.
     0 | D:1      | Reached XP level 1. HP: 18/18 MP: 1/1
   181 | D:1      | XOM: divination: detect items
   220 | D:1      | Gained mutation: Your movements are slightly less
                  | encumbered by armour. (ER -2) [demonic ancestry]
   220 | D:1      | Reached XP level 2. HP: 24/24 MP: 2/2
   516 | D:1      | XOM: potion effect (brilliance)
   848 | D:2      | Reached skill level 4 in Fighting
   851 | D:2      | XOM: silly message
   884 | D:2      | XOM: silly message
  1003 | D:2      | Reached XP level 3. HP: 30/30 MP: 3/3
  1044 | D:2      | XOM: silly message
  1121 | D:2      | XOM: give mutations
  1121 | D:2      | Gained mutation: Your mind is acute. (Int +4, Str/Dex -1)
                  | [Xom's grace]
  1121 | D:2      | Gained mutation: Your flesh is heat resistant. (rF+) [Xom's
                  | grace]
  1125 | D:2      | XOM: give mutations
  1125 | D:2      | Gained mutation: You expend magic power (3 MP) to
                  | strengthen your wands. [Xom's grace]
  1125 | D:2      | Gained mutation: Your mind is very acute. (Int +8, Str/Dex
                  | -2) [Xom's grace]
  1125 | D:2      | Gained mutation: You possess an exceptional clarity of
                  | mind. [Xom's grace]
  1125 | D:2      | Gained mutation: You have sharp fingernails. [Xom's grace]
  1299 | D:2      | XOM: god gift: short sword {god gift}
  1329 | D:2      | Slain by a quokka

Illustrated notes

Levels and vault maps discovered:
D:1:      heliophobic_arrival_glass_houses, layout_loops_ring
D:2:      layout_basic

Skill      XL: |  1  2 |
---------------+-------+-----
Fighting       | 4 |  4.5
Polearms       | |  2.6
Armour         | |  1.7
Dodging        | |  0.8
Unarmed Combat | |  0.6

Action                     || total
---------------------------++-------
  Melee: Spear             ||   104
         Unarmed           ||    18
         Punch             ||     1
   Stab: Sleeping          ||     2
         Paralysed         ||     1
 Armour: Leather armour    ||    41
         Skin              ||     1
  Dodge: Dodged            ||    36
   Form: Maw               ||     1
